 Dungeon Crawl Stone Soup version 0.23.2-1-ga50397a (webtiles) character file.

Game seed: 5446049740208331257

574 Hogrash the Poker (level 7, -2/60 HPs)
             Began as a Hill Orc Fighter on May 6, 2019.
             Was a Believer of Beogh.
             Killed by divine providence
             ... invoked by an orc priest
              (15 damage)
             ... on level 5 of the Dungeon.
             The game lasted 00:06:19 (3763 turns).

Hogrash the Poker (Hill Orc Fighter)                Turns: 3763, Time: 00:06:21

Health: -2/60      AC: 10    Str: 26    XL:     7   Next: 35%
Magic:  7/7        EV:  6    Int:  8    God:    Beogh [**....]
Gold:   86         SH: 10    Dex: 10    Spells: 6/6 levels left

rFire    . . .     SeeInvis .   a - +0 trident
rCold    . . .     Gourm    .   c - +0 shield
rNeg     . . .     Faith    .   l - +0 chain mail
rPois    .         Spirit   .   (no helmet)
rElec    .         Reflect  .   p - +0 cloak
rCorr    .         Harm     .   (no gloves)
MR       .....                  (no boots)
Stlth    ..........             (no amulet)
HPRegen  0.20/turn              t - ring of wizardry
MPRegen  0.10/turn              y - ring of stealth

@: mighty, lethally poisoned (-2 -> -3)
A: no striking features
a: Smiting, Renounce Religion


You were on level 5 of the Dungeon.
You worshipped Beogh.
Beogh was pleased with you.
You were hungry.

You visited 1 branch of the dungeon, and saw 5 of its levels.

You collected 86 gold pieces.

Inventory:

Hand Weapons
 a - a +0 trident (weapon)
 r - a +0 halberd
Missiles
 e - 9 tomahawks (quivered)
Armour
 c - a +0 shield (worn)
 l - a +0 chain mail (worn)
 p - a +0 cloak (worn)
Jewellery
 t - a ring of wizardry (left hand)
 y - a ring of stealth (right hand)
Wands
 w - a wand of flame (9)
Scrolls
 b - a scroll of noise {unknown}
 h - a scroll of enchant weapon {unknown}
 j - 2 scrolls of remove curse {unknown}
 k - 4 scrolls of identify {unknown}
 m - 3 scrolls of teleportation {unknown}
 u - 3 scrolls of enchant armour {unknown}
 v - 2 scrolls of fear {unknown}
Potions
 d - a potion of might
 g - a potion of heal wounds {unknown}
 i - 2 potions of resistance {unknown}
 n - a potion of degeneration {unknown}
 o - 2 potions of agility {unknown}
 q - 3 potions of flight {unknown}
 s - 4 potions of curing {unknown}
 x - a potion of brilliance {unknown}
 z - a potion of lignification {unknown}
 A - a potion of haste {unknown}
Comestibles
 f - 6 rations


   Skills:
 + Level 4.6 Fighting
 * Level 7.0 Polearms
 + Level 4.3 Armour
 + Level 4.4 Shields


You had 6 spell levels left.
You didn't know any spells.
Your spell library was empty.

Dungeon Overview and Level Annotations

Branches:
Dungeon (5/15)
 Temple: D:4-7

Altars:
Hepliaklqana
Vehumet

Annotations:
D:5 1 runed translucent door, slayr's ghost, novice MfIE


Message History

The orc priest hits you but does no damage.
Attack whom?
Press: ? - help, Dir - move target cursor, f/p - orc priest
Aim: an orc priest, wielding a +0 flail (lightly wounded)
You puncture the orc priest!
The orc priest is almost dead.
The orc priest calls down the wrath of Beogh upon you.
Beogh smites you!
* * * LOW HITPOINT WARNING * * *
You hear a shout!
Attack whom?
Press: ? - help, Dir - move target cursor, f/p - orc priest
Aim: an orc priest, wielding a +0 flail (almost dead)
You barely miss the orc priest.
The orc priest is almost dead.
You feel sick.
The orc priest mumbles some strange prayers to Beogh against you.
Beogh smites you!
You die...
Beogh appreciates the orc priest's killing of a heretic priest.

########.# #.# #.# #.#
##### #.######...###
#............# #####
#####.#....#.#
......########.#.#.##.#
#.o@.......#.#..#.#
....<.##########.##.#.#
.#.## #.##.#.# #......#
####.### #.....#
#.#.#.# ##.#.#.#
#....#.#


You could see an orc priest.

Vanquished Creatures
  An ice beast (D:5)
  A scorpion (D:5)
  A howler monkey (D:2)
  A quasit (D:5)
  A bullfrog skeleton (D:4)
  2 hounds
  An orc wizard (D:3)
  8 gnolls
  5 adders
  2 oozes
  A worm (D:2)
  3 dart slugs
  6 leopard geckos
  8 orcs
  4 ball pythons
  7 giant cockroaches
  10 goblins
  9 hobgoblins
  11 jackals
  4 quokkas
  4 bats
  4 frilled lizards
  8 kobolds
  6 rats
108 creatures vanquished.

Vanquished Creatures (others)
  An orc wizard (D:3)
  3 orcs (D:3)
  3 jackals (D:3)
7 creatures vanquished.

Grand Total: 115 creatures vanquished

Notes
Turn   | Place    | Note
-------+----------+-------------------------------------------
     0 | D:1      | Hogrash the Hill Orc Fighter began the quest for the Orb.
     0 | D:1      | Reached XP level 1. HP: 19/19 MP: 1/1
   150 | D:1      | Reached XP level 2. HP: 12/27 MP: 2/2
   571 | D:1      | Reached skill level 3 in Polearms
   580 | D:1      | Reached XP level 3. HP: 25/33 MP: 3/3
  1536 | D:2      | Reached XP level 4. HP: 38/40 MP: 4/4
  1736 | D:2      | You fall through a shaft!
  1814 | D:3      | Reached skill level 4 in Polearms
  1887 | D:3      | Became a worshipper of Beogh the Brigand
  2239 | D:3      | Reached XP level 5. HP: 46/46 MP: 5/5
  2406 | D:3      | Reached skill level 5 in Polearms
  3033 | D:2      | Reached XP level 6. HP: 45/52 MP: 6/6
  3064 | D:2      | Reached * piety under Beogh
  3358 | D:4      | Found a radiant altar of Vehumet.
  3379 | D:4      | Reached skill level 6 in Polearms
  3563 | D:4      | Found a hazy altar of Hepliaklqana.
  3674 | D:5      | Entered Level 5 of the Dungeon
  3707 | D:5      | Found a runed translucent door.
  3708 | D:5      | Noticed slayr's ghost (novice MfIE)
  3730 | D:5      | Noticed an ice beast
  3748 | D:5      | Reached XP level 7. HP: 24/60 MP: 7/7
  3755 | D:5      | Reached skill level 7 in Polearms
  3759 | D:5      | Reached ** piety under Beogh
  3763 | D:5      | Killed from afar by an orc priest

Skill      XL: |  1  2  3  4  5  6  7 |
---------------+----------------------+-----
Polearms       | 3 4 5 6 7 |  7.0
Fighting       | 4 |  4.6
Shields        | 4 |  4.4
Armour         | 4 |  4.3

Action                   |  1- 3 |  4- 6 |  7- 9 || total
-------------------------+-------+-------+-------++-------
Melee: Trident           |   168 |   294 |    15 ||   477
Invok: Convert to Beogh  |       |     1 |       ||     1
  Use: Potion            |       |     1 |       ||     1
  Eat: Chunk             |     2 |     7 |       ||     9
Armor: Scale mail        |    23 |       |       ||    23
       Chain mail        |    84 |   130 |     4 ||   218
Dodge: Dodged            |    54 |    38 |     2 ||    94
Block: Shield            |    90 |   128 |     3 ||   221
